 Dungeon Crawl Stone Soup version 0.20-a0-493-g19c8d8d (webtiles) character file.

199 Dharzhak the Insei (level 5, -4/40 HPs)
             Began as a Draconian Transmuter on Jan 16, 2017.
             Slain by duskshroud's ghost (13 damage)
             ... on level 3 of the Dungeon.
             The game lasted 00:16:29 (4054 turns).

Dharzhak the Insei (Draconian Transmuter)           Turns: 4054, Time: 00:16:30

Health: -4/40      AC:  5    Str: 12    XL:     5   Next: 48%
Magic:  8/8        EV: 18    Int: 18    God:
Gold:   95         SH:  0    Dex: 18    Spells: 3/9 levels left

rFire    + . .     SeeInvis .     - Unarmed
rCold    + . .     Gourm    .   (armour unavailable)
rNeg     . . .     Faith    .   (no shield)
rPois    +         Spirit   .   (helmet restricted)
rElec    +         Reflect  .   (no cloak)
rCorr    +         Harm     .   (no gloves)
MR       .....                  (no boots)
Stlth    +++.......             (no amulet)
Regen    0.2/turn               (no ring)
                                (no ring)

@: brilliant, agile, appendage (expiring), resistant, very slightly
contaminated, invisible
A: unfitting armour, horns 2, cold-blooded, AC +5
a: End Transformation


You were on level 3 of the Dungeon.
You were not hungry.
You had grown temporary horns.
You visited 1 branch of the dungeon, and saw 3 of its levels.

You collected 95 gold pieces.

Inventory:

Missiles
 a - 43 arrows
Jewellery
 e - an uncursed ring of poison resistance {unknown}
 p - an uncursed amulet of magic regeneration {unknown}
 u - a cursed ring of teleportation {unknown}
Scrolls
 d - 2 scrolls of enchant armour {unknown}
 h - 2 scrolls of magic mapping {unknown}
 i - a scroll of remove curse {unknown}
 j - 2 scrolls of identify
 k - 2 scrolls of enchant weapon {unknown}
 l - a scroll of fear {unknown}
 m - 2 scrolls of teleportation {unknown}
 o - 2 scrolls of fog {unknown}
 r - a scroll of recharging {unknown}
Potions
 f - a potion of invisibility
Books
 b - a book of Changes

   Spells                             Type                      Level
   a - Beastly Appendage              Transmutation                1
   b - Sticks to Snakes               Transmutation                2
   c - Spider Form                    Transmutation/Poison         3
   d - Ice Form                       Ice/Transmutation            4
   e - Blade Hands                    Transmutation                5
Comestibles
 c - 2 bread rations


   Skills:
 + Level 1.3 Fighting
 + Level 1.5 Throwing
 + Level 2.5 Dodging
 + Level 1.0 Stealth
 + Level 4.4 Unarmed Combat
 + Level 2.5 Spellcasting
 + Level 2.8 Transmutations


You had 3 spell levels left.
You knew the following spells:

 Your Spells              Type           Power        Failure   Level  Hunger
a - Beastly Appendage     Tmut           ###...       1%          1    #......
b - Sticks to Snakes      Tmut           ###.....     1%          2    ##.....
c - Spider Form           Tmut/Pois      ###.......   3%          3    ###....


Dungeon Overview and Level Annotations

Branches:
Dungeon (3/15)

Altars:

Annotations:
D:2 1 runed door
D:3 duskshroud's ghost, amateur OgFi


Innate Abilities, Weirdness & Mutations

Your plain brown scales are hard. (AC +5)
You cannot fit into any form of body armour.
You are cold-blooded and may be slowed by cold attacks.
You have a pair of horns on your head.


Message History

You headbutt duskshroud's ghost, but do no damage.
Duskshroud's ghost is heavily damaged.
Duskshroud's ghost barely misses you.
You hit duskshroud's ghost but do no damage.
You headbutt duskshroud's ghost.
Duskshroud's ghost is heavily damaged.
Duskshroud's ghost misses you.
You hit duskshroud's ghost but do no damage.
Duskshroud's ghost is heavily damaged.
Duskshroud's ghost laughs, "And you think you're capable of finding the ORB?
I had it, you know.
Then I gave it away so I could steal it AGAIN."
Duskshroud's ghost closely misses you.
You hit duskshroud's ghost but do no damage.
You headbutt duskshroud's ghost.
You tail-slap duskshroud's ghost, but do no damage.
Duskshroud's ghost is severely damaged.
Duskshroud's ghost barely misses you.
You punch duskshroud's ghost!
Duskshroud's ghost is almost destroyed.
Duskshroud's ghost hits you!
You die...

...#.....#...###(.#
......#..###..##.##
...##...## ##.##(#
#.....### #..#.#
....... ##.#)#
........ #...#
.....(... ##..#
.......... #..### ...
... #(@W.## ... ..
#)##..# .........
#.##.###.# .........
#........###
.........
####.###...#
.........## #((#
#####
..........####.####
...........#..(...##
...................##


You could see duskshroud's ghost.

Vanquished Creatures
  A hound (D:3)
  An orc priest (D:3)
  5 adders
  An ooze (D:2)
  3 dart slugs
  2 leopard geckos
  3 orcs
  3 giant cockroaches (D:2)
  10 goblins
  5 hobgoblins
  7 jackals
  2 quokkas (D:2)
  4 ball pythons
  7 bats
  5 frilled lizards
  11 kobolds
  7 rats
77 creatures vanquished.

Notes
Turn   | Place    | Note
-------+----------+-------------------------------------------
     0 | D:1      | Dharzhak the Draconian Transmuter began the quest for the Orb.
     0 | D:1      | Reached XP level 1. HP: 16/16 MP: 3/3
   286 | D:1      | Reached XP level 2. HP: 20/23 MP: 3/5
   293 | D:1      | Learned a level 2 spell: Sticks to Snakes
  1061 | D:2      | Reached XP level 3. HP: 28/28 MP: 4/6
  1171 | D:2      | Reached skill level 1 in Throwing
  2061 | D:2      | Found a runed door.
  2113 | D:2      | Reached XP level 4. HP: 10/35 MP: 7/7
  2569 | D:2      | Reached skill level 4 in Unarmed Combat
  3003 | D:3      | Noticed duskshroud's ghost (amateur OgFi)
  3020 | D:2      | Learned a level 3 spell: Spider Form
  3370 | D:3      | Reached XP level 5. HP: 32/40 MP: 8/8
  3682 | D:3      | Reached skill level 1 in Stealth
  4054 | D:3      | Slain by duskshroud's ghost

Vault maps used:
D:1:      elethiomel_arrival_infinity_welcomes_careful_drivers
D:2:      first_bread, uniq_crazy_yiuf_cottage

Skill      XL: |  1  2  3  4  5 |
---------------+----------------+-----
Dodging        | 2 |  2.5
Throwing       | 1 |  1.5
Unarmed Combat | 4 |  4.4
Stealth        | 1 |  1.0
Fighting       | |  1.3
Spellcasting   | |  2.5
Transmutations | |  2.8

Action                   |  1- 3 |  4- 6 || total
-------------------------+-------+-------++-------
Melee: Unarmed           |   147 |   119 ||   266
       Tailslap          |    10 |    13 ||    23
       Punch             |     2 |     2 ||     4
       Headbutt          |     5 |     9 ||    14
       Kick              |     5 |     3 ||     8
Throw: Tomahawk          |    26 |    24 ||    50
 Cast: Beastly Appendage |    17 |     9 ||    26
  Use: Scroll            |       |     5 ||     5
       Potion            |       |     5 ||     5
  Eat: Chunk             |     4 |     1 ||     5
       Bread ration      |       |     2 ||     2
Armor: Skin              |    54 |    31 ||    85
Dodge: Dodged            |    92 |    95 ||   187
